[Event "Yingmei CHN-chT 2018"]
[Site "Shenzhen"]
[Date "2018.04.13"]
[Round "3"]
[White "Li, Xueyi"]
[Black "Zhang, Xiaowen"]
[Result "1/2-1/2"]
[ECO "E01"]
[WhiteElo "2275"]
[BlackElo "2327"]
[Annotator "NA"]
[PlyCount "67"]
[EventDate "2018.??.??"]
[EventCountry "CHN"]
[SourceTitle "playchess.com"]
[Source "ChessBase"]
[SourceQuality "1"]
[TimeControl "5400+30"]

1. d4 d5 2. c4 e6 3. g3 Nf6 4. Bg2 Bb4+ 5. Bd2 Bd6 6. Nf3 O-O 7. Nc3 c6 8. b3 Nbd7 9. O-O b6 10. e4 {LiveBook: 7 Games} Nxe4 11. Nxe4 dxe4 12. Ng5 Nf6 13. Nxe4 Nxe4 14. Bxe4 Bb7 15. Qc2 f5 16. Bg2 e5 17. c5 bxc5 18. dxe5 Bxe5 19. Bc3 Bd4 20. Bxd4 cxd4 21. Qc4+ Kh8 22. Rfd1 Qb6 23. Rxd4 c5 24. Bxb7 cxd4 25. Bxa8 Rxa8 26. Rd1 Rd8 27. Qf7 Qc5 28. Re1 h6 $14 29. Re7 Rg8 30. Rd7 Qa5 31. Rxd4 Qxa2 32. Kg2 Qc2 33. Qc4 Qxc4 34. Rxc4 1/2-1/2

[Event "Yingmei CHN-chT 2018"]
[Site "Shenzhen"]
[Date "2018.04.13"]
[Round "3"]
[White "Ren, Xiaoyi"]
[Black "Li, Ruofan"]
[Result "1/2-1/2"]
[ECO "E16"]
[WhiteElo "2263"]
[BlackElo "2328"]
[Annotator "NA"]
[PlyCount "118"]
[EventDate "2018.??.??"]
[EventCountry "CHN"]
[SourceTitle "playchess.com"]
[Source "ChessBase"]
[SourceQuality "1"]
[TimeControl "5400+30"]

1. d4 Nf6 2. c4 e6 3. g3 d5 4. Bg2 Bb4+ 5. Nd2 O-O 6. a3 Be7 7. Ngf3 b6 8. cxd5 exd5 9. O-O Bb7 10. Ne5 {LiveBook: 6 Games E16: Queen's Indian: 4 g3 Bb7 5 Bg2 Bb4+} (10. b4 a5 11. b5 c6 12. bxc6 Nxc6 13. Bb2 a4 14. Ne5 Nxe5 15. dxe5 Ne4 16. Nxe4 dxe4 17. Qc2 Qd5 {1-0 (57) Fedoseev,V (2718)-Riazantsev,A (2650) St Petersburg 2017}) 10... c5 11. Ndf3 Nbd7 12. Be3 $146 ({Predecessor:} 12. dxc5 bxc5 13. Bf4 Qb6 14. Qc2 Nxe5 15. Nxe5 a5 16. Rfd1 Rfd8 17. Rac1 a4 {½-½ (57) Makhnev,D (2382)-Sisabayev,K (2279) Astana 2017}) 12... Ne4 13. Qa4 Nxe5 14. Nxe5 cxd4 15. Bxd4 Qd6 16. Rac1 Nc5 17. Qc2 Rac8 18. Rfd1 Ne6 19. Bc3 Bf6 20. f4 Qc5+ 21. Kh1 Bxe5 22. fxe5 Rfd8 23. Qd2 Qe7 24. e3 Nc5 25. Qf2 Ne4 26. Bxe4 dxe4 27. Rxd8+ Rxd8 28. Bb4 ({White should try} 28. Kg1 $15) 28... Qxe5 29. Kg1 $17 h6 30. Bc3 Qh5 31. Bd4 Rd7 32. Qf4 Kh7 33. Qe5 Qxe5 34. Bxe5 f6 35. Bd4 h5 36. Rc3 Kg6 37. Kf2 Kg5 38. Rc1 h4 39. Rc3 h3 40. Rc1 Kg4 41. Rc2 Ba6 42. Rc6 Bb5 43. Rc8 g5 44. Rf8 f5 45. Rg8 Rd6 46. Rg7 a5 47. Rf7 Bd7 48. Rf6 Be6 49. a4 Rc6 50. Bc3 Kh5 51. Ke1 g4 52. Be5 Kg5 53. Kd2 Bd7 54. Rxc6 Bxc6 55. Bc7 Bxa4 56. Bxb6 Kf6 57. Kc3 Ke6 58. Kc4 Kd6 59. Bxa5 Ke5 1/2-1/2

[Event "Yingmei CHN-chT 2018"]
[Site "Shenzhen"]
[Date "2018.04.13"]
[Round "3"]
[White "Zhao, Shengxin"]
[Black "Wang, Yu A"]
[Result "1/2-1/2"]
[ECO "D32"]
[WhiteElo "2186"]
[BlackElo "2337"]
[Annotator "NA"]
[PlyCount "63"]
[EventDate "2018.??.??"]
[EventCountry "CHN"]
[SourceTitle "playchess.com"]
[Source "ChessBase"]
[SourceQuality "1"]
[TimeControl "5400+30"]

1. Nf3 d5 2. e3 c5 3. d4 e6 4. c4 Nf6 {LiveBook: 1899 Games} 5. Nc3 Nc6 6. cxd5 exd5 7. Be2 a6 8. a4 Bd6 9. dxc5 Bxc5 10. O-O O-O 11. b3 {D32: Tarrasch Defence: Sidelines and lines without g3} (11. Nd4 Re8 12. Bf3 Ne5 13. Kh1 Qd6 14. Nce2 Ne4 15. Ng3 Nxf3 16. Qxf3 Bd7 17. Rd1 Bg4 18. Ngf5 Bxf3 19. Nxd6 Bxd1 20. Nxe8 Rxe8 {0-1 (20) Kolly,J (2268)-Stojanovic,M (2588) Lenk 2007}) 11... d4 $146 ({Find the theoretical novelty and annotate with similar games:} 11... Re8 12. Bb2 Bf5 13. Rc1 Bd6 14. Nd4 Nxd4 15. Qxd4 Be5 16. Qb4 Qd7 17. Rfd1 Rac8 18. Bf3 Be6 {0-1 (40) Vovk,O (2142)-Houska,J (2399) Beijing 2008}) 12. exd4 Nxd4 13. Nxd4 Bxd4 14. Bb2 Be6 15. Bc4 (15. Bf3 $11 {remains equal.}) 15... Rc8 (15... Ng4 $17 16. Qe2 (16. Bxe6 Nxf2 17. Rxf2 Bxf2+ 18. Kxf2 Qb6+ 19. Kg3 fxe6 $17) 16... Qd6) 16. Bxe6 fxe6 17. Rc1 e5 18. b4 Kh8 19. Qe2 Qb6 20. Na2 Rxc1 $15 21. Bxc1 Nd5 22. a5 Qc6 23. Be3 Nf4 24. Bxf4 Rxf4 25. Qd2 h6 26. Nc1 Rf8 27. Ne2 Ba7 28. Ng3 e4 29. Qe2 Re8 30. Nf5 Qf6 31. Ne3 Qc3 32. Nd5 1/2-1/2

[Event "Yingmei CHN-chT 2018"]
[Site "Shenzhen"]
[Date "2018.04.13"]
[Round "3"]
[White "Ning, Kaiyu"]
[Black "Zhu, Jiner"]
[Result "1/2-1/2"]
[ECO "D02"]
[WhiteElo "2176"]
[BlackElo "2313"]
[Annotator "NA"]
[PlyCount "90"]
[EventDate "2018.??.??"]
[EventCountry "CHN"]
[SourceTitle "playchess.com"]
[Source "ChessBase"]
[SourceQuality "1"]
[TimeControl "5400+30"]

1. d4 Nf6 2. Nf3 e6 3. Bf4 d5 4. e3 c5 5. c3 Nc6 6. Nbd2 Be7 7. Bd3 O-O 8. Ne5 Bd7 {LiveBook: 5 Games} 9. O-O {D02: 1 d4 d5 2 Nf3 sidelines, including 2...Nf6 3 g3 and 2...Nf6 3 Bf4} (9. Qf3 Rc8 10. Qh3 h6 11. Bxh6 gxh6 12. Qxh6 cxd4 13. exd4 Ne4 14. h4 f5 15. Nxe4 fxe4 16. Rh3 Rf5 {1-0 (29) Yushinov,N (2184)-Dadashli,N (2209) Zolochiv 2017}) 9... a6 10. Qf3 Rc8 $146 ({Predecessor:} 10... Ne8 11. Qh5 g6 12. Qh3 Nxe5 13. dxe5 Ng7 14. Bh6 f6 15. Nf3 c4 {½-½ (56) Kennedy,C (1844)-Starley,R (2075) Wakefield 2017}) 11. Qh3 g6 12. Ndf3 Ne4 13. Qh6 Be8 14. Nxc6 Rxc6 {[#]} 15. Bxe4 $1 dxe4 {[#]} 16. Be5 $1 f6 {[#]} 17. Ng5 $16 Rf7 18. Nxf7 Bxf7 19. Bg3 g5 20. dxc5 e5 21. Qh3 Qe8 22. f4 exf4 23. exf4 Bxc5+ 24. Kh1 Be6 25. Qh6 Bc4 26. Rfe1 g4 27. f5 Bd3 28. Qf4 h5 29. Rad1 Qf7 30. Rxe4 Bd6 31. Qe3 Bxe4 32. Qxe4 Bxg3 33. hxg3 Rc7 34. Kg1 Kg7 35. Rd5 Re7 36. Qd4 Qe8 37. Rd6 Rf7 38. c4 Qe1+ 39. Kh2 Qb1 40. Qd5 h4 41. gxh4 Qe1 42. Rd7 Qxh4+ 43. Kg1 Qe1+ 44. Kh2 Qh4+ 45. Kg1 Qe1+ 1/2-1/2

[Event "Yingmei CHN-chT 2018"]
[Site "Shenzhen"]
[Date "2018.04.13"]
[Round "3"]
[White "Xu, Yuze"]
[Black "Vo, Thi Kim Phung"]
[Result "1-0"]
[ECO "C06"]
[WhiteElo "2021"]
[BlackElo "2393"]
[Annotator "ChessBase"]
[PlyCount "107"]
[EventDate "2018.??.??"]
[EventCountry "CHN"]
[SourceTitle "playchess.com"]
[Source "ChessBase"]
[SourceQuality "1"]
[TimeControl "5400+30"]

1. e4 e6 2. d4 d5 3. Nd2 Nf6 4. e5 Nfd7 5. Bd3 c5 6. c3 Nc6 7. Ne2 Be7 8. O-O b6 9. a3 a5 10. f4 g6 11. a4 cxd4 12. Nxd4 Nxd4 13. cxd4 Ba6 14. Bb5 Bxb5 15. axb5 Qc7 16. Nf3 Qc4 17. Qa4 Rc8 18. Qxc4 Rxc4 19. Bd2 Bb4 20. b3 Rxd4 21. Nxd4 Bxd2 22. Nc6 O-O 23. g3 Nb8 24. Nxb8 Rxb8 25. Rad1 Be3+ 26. Kg2 Rc8 27. Rd3 d4 28. Kf3 Rc5 29. Ke4 Rxb5 30. g4 Kf8 31. Rb1 Rb4 32. Ra1 Ke7 33. Ra4 Rb5 34. Rc4 Kd7 35. f5 Rc5 36. Rxc5 bxc5 37. fxg6 fxg6 38. Rd1 g5 39. Ra1 Bd2 40. Kd3 Bf4 41. Rxa5 Kc6 42. Kc4 Bxe5 43. Rxc5+ Kd6 44. Ra5 Bf6 45. Ra6+ Kd7 46. Ra7+ Kd6 47. Rxh7 Be5 48. h4 gxh4 49. Rxh4 Bg3 50. Rh3 Bf2 51. g5 Ke7 52. g6 Be1 53. Rf3 e5 54. g7 1-0

[Event "Yingmei CHN-chT 2018"]
[Site "Shenzhen"]
[Date "2018.04.13"]
[Round "3"]
[White "Zhou, Zirun"]
[Black "Wang, Jue"]
[Result "0-1"]
[ECO "D41"]
[WhiteElo "1993"]
[BlackElo "2365"]
[Annotator "NA"]
[PlyCount "96"]
[EventDate "2018.??.??"]
[EventCountry "CHN"]
[SourceTitle "playchess.com"]
[Source "ChessBase"]
[SourceQuality "1"]
[TimeControl "5400+30"]

1. d4 Nf6 2. c4 e6 3. Nf3 d5 4. Nc3 c5 5. cxd5 Nxd5 6. e4 Nxc3 7. bxc3 cxd4 8. cxd4 Bb4+ 9. Bd2 Bxd2+ 10. Qxd2 O-O 11. Bc4 {LiveBook: 796 Games} Nd7 12. O-O {D41: Queen's Gambit Declined: Semi-Tarrasch with 5 cxd5} b6 13. a4 Bb7 {[#]} 14. Qf4 $146 ({Predecessor:} 14. Bd3 Nf6 15. Rfe1 h6 16. a5 bxa5 17. Rxa5 Qc7 18. Qb4 Rfb8 19. Qa3 Rc8 {½-½ (59) Svidler,P (2755)-Kramnik,V (2811) Sochi 2017}) 14... Rc8 15. Rfc1 Nf6 16. Bd3 Qe7 17. h3 h6 18. a5 Rxc1+ 19. Rxc1 Qa3 20. Rc7 Qxd3 21. Rxb7 bxa5 22. Rxa7 a4 23. Qe3 Qb1+ 24. Qe1 Rb8 25. Rxa4 Qxe1+ 26. Nxe1 Rb1 27. Kf1 Nxe4 28. f3 $17 (28. Ra8+ $11 {remains equal.} Kh7 29. Ke2) 28... Nc3 29. Rc4 Nd5 30. Ke2 Nf4+ 31. Kd2 g5 32. Rc2 Kg7 33. Rc4 Kg6 34. Rc7 Rb4 35. Nc2 Rb3 36. g3 Nd5 37. Ra7 Rxf3 38. Ra3 Rf2+ 39. Kd3 Rh2 40. Ne3 Nxe3 41. Kxe3 Rxh3 42. Kf3 Rh2 43. Rd3 h5 44. d5 exd5 45. Rxd5 g4+ 46. Ke3 Rg2 47. Kf4 Rf2+ 48. Ke4 Rf3 0-1